[Event "Titled Tuesday Blitz June 1 2021"]
[White "Yeletsky, Ivan"]
[Black "Zhigalko, Sergei"]
[WhiteFideId "24180327"]
[BlackFideId "13502956"]
[WhiteElo "2344"]
[BlackElo "2662"]
[Result "1-0"]
[Round "07"]
[TimeControl "180+1"]
[Date "2021.06.01"]
[WhiteClock "0:00:52"]
[BlackClock "0:00:03"]

1. d4 Nf6 2. c4 e6 3. Nf3 b6 4. g3 Ba6 5. b3 Bb4+ 6. Bd2 Be7 7. Nc3 O-O 8. Bg2 c6 9. O-O d5 10. Ne5 Nfd7 11. Nd3 dxc4 12. bxc4 Bxc4 13. Bf4 Ba6 14. Rc1 Nf6 15. Ne5 Nd5 16. Bd2 Bb7 17. Qa4 Bd6 18. Ne4 Bxe5 19. dxe5 c5 20. Bg5 f6 21. exf6 gxf6 22. Nxf6+ Rxf6 23. e4 Bc6 24. Qd1 h6 25. Bxf6 Qxf6 26. exd5 exd5 27. Bxd5+ Kh8 28. Re1 Nd7 29. Re6 1-0


[Site "https://www.chess.com"]

[Event "Titled Tuesday Blitz June 1 2021"]
[White "Zierk, Steven"]
[Black "Maksimovic, Bojan"]
[WhiteFideId "2034255"]
[BlackFideId "14408120"]
[WhiteElo "2502"]
[BlackElo "2437"]
[Result "1-0"]
[Round "07"]
[TimeControl "180+1"]
[Date "2021.06.01"]
[WhiteClock "0:02:01"]
[BlackClock "0:00:06"]

1. e4 g6 2. d4 Bg7 3. Nc3 d6 4. Be3 a6 5. Qd2 b5 6. f3 Nd7 7. d5 Bb7 8. Nge2 c6 9. dxc6 Bxc6 10. Nd4 Bb7 11. a4 bxa4 12. Nxa4 Ngf6 13. c4 O-O 14. Be2 Qc7 15. O-O Ne5 16. Rfc1 Nc6 17. Nxc6 Bxc6 18. Nb6 Rab8 19. Rxa6 Nd7 20. Nd5 Bxd5 21. cxd5 Qb7 22. Ra7 Qxa7 23. Bxa7 Rxb2 24. Rc2 Rxc2 25. Qxc2 Ne5 26. Qc7 Bf6 27. f4 1-0


[Site "https://www.chess.com"]

[Event "Titled Tuesday Blitz June 1 2021"]
[White "davigator"]
[Black "Palachev, Petr"]
[BlackFideId "24129003"]
[WhiteElo "2441"]
[BlackElo "2333"]
[Result "1-0"]
[Round "07"]
[TimeControl "180+1"]
[Date "2021.06.01"]
[WhiteClock "0:00:51"]
[BlackClock "0:00:03"]

1. e4 c6 2. Nc3 d5 3. Nf3 Bg4 4. h3 Bxf3 5. Qxf3 e6 6. d4 dxe4 7. Nxe4 Qxd4 8. Bd3 Nf6 9. O-O Nxe4 10. Bxe4 Be7 11. Be3 Qf6 12. Qg3 O-O 13. c3 Na6 14. Bd4 Qh6 15. Be3 Qh4 16. Qf3 Qf6 17. Qg3 Qh4 18. Qf3 Bg5 19. Bd4 Bf6 20. Be3 Rfd8 21. Rad1 Rxd1 22. Rxd1 Rd8 23. Rxd8+ Bxd8 24. Bxa7 Qg5 25. Be3 Qb5 26. b3 Bf6 27. c4 Qa5 28. Qe2 Qc3 29. g3 Nb4 30. Kg2 g6 31. Bc5 Na6 32. Be3 Kg7 33. Qd2 Qxd2 34. Bxd2 Be7 35. f4 Bb4 36. Bc1 Bc3 37. a3 f5 38. Bc2 Kf6 39. Kf3 e5 40. fxe5+ Bxe5 41. Be3 Bb2 42. a4 Bc3 43. h4 Nc7 44. Bg5+ Kf7 45. Ke3 Ne6 46. Bh6 Be5 47. Kf2 f4 48. g4 Bf6 49. h5 g5 50. Bxh7 Bd4+ 51. Kf3 Kf6 52. Bf5 Nc5 53. Bc2 Nxb3 54. Bxb3 Bb6 55. Ke4 Bc5 56. Bd1 Be7 57. Bf3 Bd6 58. Kd4 Be7 59. c5 Kf7 60. Ke5 Bxc5 61. Bxg5 1-0


[Site "https://www.chess.com"]

[Event "Titled Tuesday Blitz June 1 2021"]
[White "Donchenko, Alexander"]
[Black "Willow, Jonah B"]
[WhiteFideId "24603295"]
[BlackFideId "438804"]
[WhiteElo "2553"]
[BlackElo "2261"]
[Result "0-1"]
[Round "08"]
[TimeControl "180+1"]
[Date "2021.06.01"]
[WhiteClock "0:00:03"]
[BlackClock "0:00:12"]

1. e4 c5 2. Nf3 Nc6 3. Bb5 g6 4. Bxc6 dxc6 5. d3 Bg7 6. h3 e5 7. Be3 b6 8. a4 Ne7 9. a5 Be6 10. Qd2 h6 11. Na3 g5 12. Nc4 Bxc4 13. dxc4 O-O 14. Qxd8 Rfxd8 15. Ke2 Ng6 16. Rhd1 Nf4+ 17. Bxf4 exf4 18. Rxd8+ Rxd8 19. axb6 axb6 20. Ra6 Rb8 21. b3 Kf8 22. h4 Bf6 23. hxg5 hxg5 24. Nh2 Ke7 25. Ng4 Ke6 26. Ra7 Be7 27. Nh6 b5 28. Nf5 Bd8 29. Kd3 Bb6 30. Re7+ Kf6 31. Rd7 Rd8 32. Rxd8 Bxd8 33. cxb5 cxb5 34. Nd6 g4 35. f3 b4 36. Kc4 Be7 37. Kd5 Kg5 38. Nxf7+ Kh4 39. Ne5 Kg3 40. Nxg4 Kxg2 41. Ne5 Bf6 42. Nd7 Be7 43. Ne5 Bf6 44. Nd3 Kxf3 45. e5 Be7 46. Nxc5 Ke3 47. Nd3 f3 48. Ke6 Bd8 49. Kd7 Bh4 50. e6 Kd2 51. e7 Bxe7 52. Kxe7 Kxc2 53. Nxb4+ Kd2 54. Nc6 f2 55. Ne5 f1=Q 56. Nc4+ Kc3 57. Nd6 Kxb3 58. Ke6 Kb4 59. Nf5 Qe2+ 60. Kf6 Kc5 61. Ng7 Qf3+ 62. Nf5 Kd5 63. Kg6 Qg4+ 64. Kf6 Ke4 65. Nd6+ Kf4 66. Nf7 Qf5+ 67. Ke7 Qa5 68. Kf6 Qb6+ 69. Ke7 Qa6 70. Nd6 Ke5 71. Nf7+ Kd5 72. Ng5 Qg6 73. Nf7 Qg7 74. Ke8 Ke6 75. Nd8+ Kf6 76. Nc6 Qc7 0-1


[Site "https://www.chess.com"]

[Event "Titled Tuesday Blitz June 1 2021"]
[White "Fedoseev, Vladimir"]
[Black "Nakamura, Hikaru"]
[WhiteFideId "24130737"]
[BlackFideId "2016192"]
[WhiteElo "2756"]
[BlackElo "2900"]
[Result "0-1"]
[Round "08"]
[TimeControl "180+1"]
[Date "2021.06.01"]
[WhiteClock "0:00:01"]
[BlackClock "0:00:31"]

1. e4 e5 2. Nf3 Nc6 3. Bc4 Bc5 4. c3 Nf6 5. d3 O-O 6. O-O d5 7. exd5 Nxd5 8. a3 Nb6 9. Bb3 Bf5 10. Bc2 Qd7 11. Qe2 Rad8 12. Rd1 Rfe8 13. Be3 Nd4 14. cxd4 exd4 15. b4 Bf8 16. Nxd4 Qxd4 17. Nd2 Qd7 18. Ne4 Nd5 19. Kh1 Be6 20. Qd2 b6 21. Bg5 f6 22. Bh4 g5 23. Bg3 Bg7 24. Rac1 h6 25. h4 f5 26. hxg5 fxe4 27. dxe4 Nc3 28. Qxd7 Rxd7 29. Rxd7 Bxd7 30. gxh6 Bd4 31. e5 Ne2 32. Rd1 Nxg3+ 33. fxg3 c5 34. bxc5 bxc5 35. Bg6 Re6 0-1


[Site "https://www.chess.com"]

[Event "Titled Tuesday Blitz June 1 2021"]
[White "Goltsev, Dmitry"]
[Black "Zierk, Steven"]
[WhiteFideId "24176710"]
[BlackFideId "2034255"]
[WhiteElo "2366"]
[BlackElo "2502"]
[Result "0-1"]
[Round "08"]
[TimeControl "180+1"]
[Date "2021.06.01"]
[WhiteClock "0:00:06"]
[BlackClock "0:00:17"]

1. e4 c5 2. Nf3 Nc6 3. d4 cxd4 4. Nxd4 Nf6 5. Nc3 e5 6. Nf5 d5 7. Bg5 d4 8. Bxf6 gxf6 9. Nb1 Bxf5 10. exf5 Bb4+ 11. c3 dxc3 12. Nxc3 Qxd1+ 13. Rxd1 Nd4 14. Bd3 Rc8 15. Rc1 Bxc3+ 16. Rxc3 Rxc3 17. bxc3 Nc6 18. Kd2 Kd7 19. Re1 Ne7 20. Re4 Nxf5 21. Ra4 Nd6 22. Rxa7 f5 23. f3 h5 24. Ra4 h4 25. Ke2 f4 26. Kf2 Rc8 27. Ra3 f5 28. Rb3 e4 29. fxe4 fxe4 30. Be2 Ra8 31. a3 Ke6 32. g3 hxg3+ 33. hxg3 f3 34. Bf1 Rh8 35. c4 Nf5 36. Rb6+ Ke5 37. Rb5+ Kf6 38. g4 e3+ 39. Kxf3 Nd4+ 40. Kxe3 Nxb5 41. cxb5 Ke5 42. Be2 Ra8 43. Bf3 Rxa3+ 44. Ke2 b6 45. Bc6 Rg3 46. Bd7 Kd6 47. Bf5 Rb3 48. Bd3 Ke5 49. g5 Kf4 50. g6 Rb2+ 51. Kd1 Rg2 52. Kc1 Ke3 53. Bc2 Kd4 54. Kd1 Kc4 55. Be4 Rg5 56. Bc6 Rxg6 57. Kc2 Rg3 58. Kb2 Kb4 59. Kc2 Rc3+ 60. Kb2 Rc5 61. Ka2 Kc3 62. Ka3 Rg5 63. Ka2 Rh5 64. Be8 Rh2+ 65. Ka3 Rh7 66. Ka2 Ra7+ 67. Kb1 Ra3 68. Bc6 Kb3 69. Kc1 Ra4 70. Kb1 Rc4 71. Ka1 Rc1# 0-1


[Site "https://www.chess.com"]

[Event "Titled Tuesday Blitz June 1 2021"]
[White "Goryachkina, Aleksandra"]
[Black "Timofeev, Artyom"]
[WhiteFideId "4147103"]
[BlackFideId "4140419"]
[WhiteElo "2441"]
[BlackElo "2582"]
[Result "1/2-1/2"]
[Round "08"]
[TimeControl "180+1"]
[Date "2021.06.01"]
[WhiteClock "0:00:08"]
[BlackClock "0:00:13"]

1. e4 e6 2. d4 d5 3. exd5 exd5 4. Bd3 Nf6 5. Nf3 Be7 6. O-O O-O 7. Bg5 Bg4 8. h3 Bh5 9. Nbd2 Nbd7 10. Re1 Re8 11. c3 c6 12. Qc2 Bg6 13. Bxg6 hxg6 14. Ne5 Nxe5 15. dxe5 Nd7 16. Bxe7 Rxe7 17. e6 fxe6 18. Qxg6 e5 19. Nf3 Qe8 20. Qg3 e4 21. Nd4 Qf7 22. Re3 Rae8 23. f3 Nc5 24. Rf1 Qh5 25. b4 Ne6 26. Nxe6 Rxe6 27. fxe4 dxe4 28. Qc7 R6e7 29. Qd6 Qg5 30. Rg3 Qd5 31. Qxd5+ cxd5 32. Re3 Rc7 33. Rf5 Rd8 34. a3 b5 35. Kh2 g6 36. Rg5 Kf7 37. Kg3 Rc6 38. Kg4 Rf6 39. h4 Ke6 40. Re2 a6 41. Rd2 Rd6 42. Re2 Rd8 43. Rd2 Rd7 44. Re2 Rdf7 45. Rd2 Rd7 46. Re2 Kf7 47. Rd2 Rfd6 48. Rf2+ Kg7 49. Re2 Kh6 50. Re3 Rc7 51. Kf4 Re7 52. Kg4 Rf7 53. Re2 Rf1 54. Rd2 Rc1 55. Rgxd5 Rxd5 56. Rxd5 Rxc3 57. Re5 e3 58. Kf3 Rxa3 59. g4 Rb3 60. Re7 g5 61. Re6+ Kg7 62. hxg5 Rxb4 63. Rxa6 e2 64. Kxe2 Rxg4 65. Rb6 Rxg5 66. Kd3 Kf7 67. Kc3 Ke7 68. Kb4 Kd7 69. Rxb5 Rxb5+ 70. Kxb5 1/2-1/2


[Site "https://www.chess.com"]

[Event "Titled Tuesday Blitz June 1 2021"]
[White "Grigorov, Grigor"]
[Black "Abdusattorov, Nodirbek"]
[WhiteFideId "2907313"]
[BlackFideId "14204118"]
[WhiteElo "2510"]
[BlackElo "2662"]
[Result "0-1"]
[Round "08"]
[TimeControl "180+1"]
[Date "2021.06.01"]
[WhiteClock "0:00:12"]
[BlackClock "0:01:33"]

1. d4 Nf6 2. Nf3 c5 3. d5 g6 4. c4 Bg7 5. Nc3 O-O 6. e4 d6 7. Be2 e5 8. O-O Ne8 9. Ne1 Nd7 10. Nd3 f5 11. exf5 gxf5 12. f4 e4 13. Nf2 Bd4 14. Kh1 a6 15. Qe1 Ng7 16. Nfd1 Nf6 17. Ne3 h5 18. Nc2 Ng4 19. h3 Kf7 20. g3 Rh8 21. Kg2 Nf6 22. Qd2 h4 23. Nxd4 cxd4 24. Qxd4 Ngh5 25. g4 fxg4 26. hxg4 Bxg4 27. Bxg4 Rg8 28. Nxe4 Rxg4+ 29. Kf2 Nxe4+ 30. Qxe4 Qf6 31. Qe6+ Qxe6 32. dxe6+ Kxe6 33. Kf3 Rag8 34. Be3 Rg2 35. Bf2 h3 36. Rfe1+ Kf5 37. Rad1 Nxf4 38. Re4 Rxf2+ 0-1


[Site "https://www.chess.com"]

[Event "Titled Tuesday Blitz June 1 2021"]
[White "Ibrahimli, Murad"]
[Black "Supi, Luis Paulo"]
[WhiteFideId "13410229"]
[BlackFideId "2106388"]
[WhiteElo "2109"]
[BlackElo "2369"]
[Result "1-0"]
[Round "08"]
[TimeControl "180+1"]
[Date "2021.06.01"]
[WhiteClock "0:00:23"]
[BlackClock "0:00:20"]

1. d4 Nf6 2. c4 g6 3. Nc3 Bg7 4. g3 d5 5. cxd5 Nxd5 6. Bg2 Nxc3 7. bxc3 c5 8. e3 O-O 9. Ne2 Nc6 10. O-O Qc7 11. a4 Bf5 12. Ba3 b6 13. d5 Na5 14. e4 Bd7 15. f4 Nc4 16. Bc1 e6 17. e5 Rad8 18. d6 Qb8 19. Qd3 b5 20. axb5 Bxb5 21. Qe4 f6 22. Bh3 Rfe8 23. Be3 fxe5 24. fxe5 Nxe5 25. Bxc5 Bc6 26. Qe3 Qb5 27. Rxa7 Nc4 28. Rff7 1-0


[Site "https://www.chess.com"]

[Event "Titled Tuesday Blitz June 1 2021"]
[White "Indjic, Aleksandar"]
[Black "Gormally, Daniel W"]
[WhiteFideId "911925"]
[BlackFideId "406465"]
[WhiteElo "2643"]
[BlackElo "2543"]
[Result "1-0"]
[Round "08"]
[TimeControl "180+1"]
[Date "2021.06.01"]
[WhiteClock "0:01:09"]
[BlackClock "0:00:28"]

1. d4 Nf6 2. Nf3 g6 3. Bg5 Bg7 4. Nbd2 O-O 5. c3 d6 6. e3 c5 7. Bd3 Nc6 8. O-O h6 9. Bh4 g5 10. Bg3 Nh5 11. d5 Nxg3 12. hxg3 Nb8 13. a4 Nd7 14. a5 Nf6 15. e4 Ng4 16. Nc4 e6 17. Re1 exd5 18. exd5 Qf6 19. Qa4 Nxf2 20. Kxf2 g4 21. Re4 gxf3 22. gxf3 Qd8 23. Re2 Rb8 24. Rae1 b5 25. axb6 axb6 26. Re8 Qc7 27. Qc6 Qa7 28. R1e7 Bb7 29. Rxb8 Rxb8 30. Qd7 Rf8 31. Qf5 1-0


[Site "https://www.chess.com"]

[Event "Titled Tuesday Blitz June 1 2021"]
[White "Iniyan, P"]
[Black "Sarana, Alexey"]
[WhiteFideId "25002767"]
[BlackFideId "24133795"]
[WhiteElo "2400"]
[BlackElo "2629"]
[Result "1/2-1/2"]
[Round "08"]
[TimeControl "180+1"]
[Date "2021.06.01"]
[WhiteClock "0:00:08"]
[BlackClock "0:00:08"]

1. d4 Nf6 2. c4 e6 3. Nc3 Bb4 4. Qc2 d5 5. cxd5 exd5 6. Nf3 c5 7. Bg5 Nc6 8. e3 h6 9. Bxf6 Qxf6 10. Bb5 O-O 11. Bxc6 Qxc6 12. O-O c4 13. Ne5 Qd6 14. e4 Bxc3 15. bxc3 Be6 16. Rab1 b6 17. Rfe1 dxe4 18. Qxe4 Bd5 19. Qg4 Rfe8 20. Re3 f6 21. Rg3 Qe7 22. Nf3 Qf7 23. Nd2 Re7 24. h4 Rae8 25. Qf4 Qh5 26. Qxf6 Rf7 27. Qd6 Re2 28. Rb5 Rxd2 29. Rxd5 Rd1+ 30. Kh2 Qxh4+ 31. Rh3 Qxf2 32. Qg6 Qg1+ 33. Kg3 Rd3+ 34. Kh4 Qf2+ 35. Rg3 Qf4+ 36. Kh3 Rxg3+ 37. Qxg3 Qe4 38. Re5 Qc2 39. d5 Rf1 40. Qe3 Rh1+ 41. Kg3 Qg6+ 42. Kf2 Qf6+ 43. Kg3 Qg6+ 44. Kf2 Rd1 45. Re8+ Kh7 46. Qe4 Qxe4 47. Rxe4 Rxd5 48. Rxc4 Rc5 49. Ra4 Rc7 50. c4 g5 51. Ke3 Kg6 52. g4 h5 53. gxh5+ Kxh5 54. Kf3 Rd7 55. Ra6 Kh4 56. a4 g4+ 57. Kg2 Rc7 58. a5 bxa5 59. Rxa5 Rb7 60. Ra2 Rc7 61. c5 Rxc5 62. Rxa7 Rc2+ 63. Kg1 Kh3 64. Ra1 g3 65. Rb1 Rc3 66. Ra1 Rb3 67. Rc1 Rb2 68. Ra1 Rg2+ 69. Kh1 Rf2 70. Kg1 Rf3 71. Kh1 g2+ 72. Kg1 Kg3 73. Rc1 Rf2 74. Rc3+ Rf3 75. Rc1 Rf1+ 76. Rxf1 gxf1=Q+ 77. Kxf1 1/2-1/2


[Site "https://www.chess.com"]

[Event "Titled Tuesday Blitz June 1 2021"]
[White "Kezin, Roman"]
[Black "Oparin, Grigoriy"]
[WhiteFideId "24124621"]
[BlackFideId "24125890"]
[WhiteElo "2574"]
[BlackElo "2628"]
[Result "1-0"]
[Round "08"]
[TimeControl "180+1"]
[Date "2021.06.01"]
[WhiteClock "0:00:49"]
[BlackClock "0:00:33"]

1. d4 Nf6 2. c4 e6 3. g3 c5 4. d5 exd5 5. cxd5 d6 6. Nc3 g6 7. Nf3 Bg7 8. Bg2 O-O 9. O-O Re8 10. Nd2 Nbd7 11. a4 a6 12. h3 Ne5 13. f4 Ned7 14. e4 c4 15. Nxc4 Nc5 16. e5 dxe5 17. fxe5 Nh5 18. Qf3 Nxg3 19. Qxg3 b5 20. axb5 axb5 21. Rxa8 bxc4 22. Qf3 Rf8 23. Kh1 Nd3 24. Bf4 Qb6 25. Be3 Qxb2 26. Rxc8 Rxc8 27. Qxf7+ Kh8 28. Bd4 Rf8 29. Qxf8+ Bxf8 30. Rxf8+ Kg7 31. Rf1 Kh6 32. e6 Qa3 33. Ne4 c3 34. Bxc3 Nc5 35. Bd2+ g5 36. Bxg5+ Kh5 37. Be7 1-0


[Site "https://www.chess.com"]

[Event "Titled Tuesday Blitz June 1 2021"]
[White "Klimkowski, Jan"]
[Black "Kamsky, Gata"]
[WhiteFideId "21856222"]
[BlackFideId "2000024"]
[WhiteElo "1903"]
[BlackElo "2644"]
[Result "1/2-1/2"]
[Round "08"]
[TimeControl "180+1"]
[Date "2021.06.01"]
[WhiteClock "0:00:45"]
[BlackClock "0:00:24"]

1. d4 d5 2. c4 c6 3. cxd5 cxd5 4. Nc3 Nf6 5. Bf4 Nc6 6. e3 a6 7. a3 Bf5 8. Nf3 e6 9. Bd3 Bxd3 10. Qxd3 Bd6 11. Bxd6 Qxd6 12. O-O O-O 13. Na4 Nd7 14. Rac1 Rac8 15. Nc5 Nxc5 16. Rxc5 Ne7 17. Rfc1 f6 18. Nd2 Rc6 19. Rxc6 Nxc6 20. Nb3 Rc8 21. Nc5 Nd8 22. Qb3 b6 23. Nd3 Rxc1+ 24. Nxc1 Qc6 25. Nd3 a5 26. Kf1 Nb7 27. Ke2 Nd6 28. Kd1 Kf7 29. Qc2 Qc4 30. b3 Qxc2+ 31. Kxc2 g5 32. f3 h5 33. Kd2 Ke7 34. h3 h4 35. Nc1 e5 36. Ne2 Ke6 37. Nc3 b5 38. Kd3 f5 39. dxe5 Kxe5 40. Ne2 a4 41. bxa4 bxa4 42. f4+ gxf4 43. exf4+ Ke6 44. Nc3 Nc4 45. Nxa4 Nxa3 46. Nc5+ Kf6 47. Nd7+ Ke6 48. Nc5+ Kf6 49. Nd7+ Ke6 50. Nc5+ 1/2-1/2


[Site "https://www.chess.com"]

[Event "Titled Tuesday Blitz June 1 2021"]
[White "Kovalev, Vladislav"]
[Black "Yeletsky, Ivan"]
[WhiteFideId "13504398"]
[BlackFideId "24180327"]
[WhiteElo "2573"]
[BlackElo "2344"]
[Result "1/2-1/2"]
[Round "08"]
[TimeControl "180+1"]
[Date "2021.06.01"]
[WhiteClock "0:00:19"]
[BlackClock "0:01:06"]

1. e4 c5 2. Be2 Nc6 3. d3 e6 4. f4 d5 5. c3 Bd6 6. Nf3 Nge7 7. e5 Bc7 8. O-O d4 9. Na3 O-O 10. Nc2 b6 11. cxd4 cxd4 12. b4 b5 13. a4 Rb8 14. a5 a6 15. Nd2 Nd5 16. Ne4 Ncxb4 17. Nxb4 Nxb4 18. Ba3 Bxa5 19. Qb3 Nd5 20. Bxf8 Kxf8 21. Nd6 Bb4 22. Bf3 Bxd6 23. exd6 Qxd6 24. Bxd5 Qxd5 25. Qxd5 exd5 26. Rfc1 Bf5 27. Rxa6 Bxd3 28. Rd1 Bc2 29. Rxd4 b4 30. Ra2 b3 31. Rb2 Ra8 32. Rxd5 g6 33. Kf2 h5 34. Rc5 Ra4 35. g3 Ke7 36. Rc7+ Kf6 37. Rcxc2 bxc2 38. Rxc2 1/2-1/2


[Site "https://www.chess.com"]

[Event "Titled Tuesday Blitz June 1 2021"]
[White "Kretov, Evgenij"]
[Black "Balakrishnan, Praveen"]
[WhiteFideId "4167821"]
[BlackFideId "2064871"]
[WhiteElo "2381"]
[BlackElo "2237"]
[Result "0-1"]
[Round "08"]
[TimeControl "180+1"]
[Date "2021.06.01"]
[WhiteClock "0:00:16"]
[BlackClock "0:00:16"]

1. d4 g6 2. c4 Bg7 3. Nc3 c5 4. d5 Bxc3+ 5. bxc3 f5 6. h4 Nf6 7. h5 Rg8 8. hxg6 hxg6 9. Nf3 Qa5 10. Qc2 d6 11. Bg5 Ne4 12. Rh7 Nxg5 13. Nxg5 Nd7 14. e3 Nf6 15. Rh6 Bd7 16. Bd3 O-O-O 17. Ke2 Kb8 18. Rah1 Rde8 19. Qb2 e6 20. dxe6 Bxe6 21. Nxe6 Rxe6 22. Rh8 Qd8 23. Rxg8 Qxg8 24. Qb5 f4 25. Kd2 fxe3+ 26. fxe3 Ng4 27. Qd7 Ne5 28. Rh8 Qxh8 29. Qxe6 Qd8 30. Bxg6 Kc7 31. Be4 Qf8 32. Ke2 Qg7 33. Bd5 Qg5 34. Qg8 Qh5+ 35. Kd2 Qh6 36. Qe8 Qg7 37. Kc2 Qh7+ 38. Kb2 Nd3+ 39. Ka3 Qg7 40. Qf7+ Qxf7 41. Bxf7 Ne5 42. Bd5 Ng4 43. Kb2 Nxe3 44. Kc1 b5 45. Kd2 Nxc4+ 46. Ke2 Nb6 47. Be6 d5 48. g4 Kd6 49. Bg8 Ke7 50. Ke3 Kf6 51. Kf4 Na4 52. g5+ Kg7 53. Bxd5 Nxc3 54. Be6 c4 55. a3 a5 56. Ke3 a4 57. Kd4 Nb1 58. Kc5 c3 59. Bf5 Nxa3 60. Kb4 c2 61. Bxc2 Nxc2+ 62. Kxb5 a3 0-1


[Site "https://www.chess.com"]

[Event "Titled Tuesday Blitz June 1 2021"]
[White "Kukhmazov, Arsen"]
[Black "Alavi, Sayed Javad"]
[WhiteFideId "24108260"]
[BlackFideId "12500607"]
[WhiteElo "2453"]
[BlackElo "2495"]
[Result "0-1"]
[Round "08"]
[TimeControl "180+1"]
[Date "2021.06.01"]
[WhiteClock "0:00:02"]
[BlackClock "0:00:13"]

1. d4 Nf6 2. c4 c6 3. Nf3 d5 4. Qc2 g6 5. Bf4 Bg7 6. e3 O-O 7. Nc3 e6 8. Bd3 b6 9. O-O Bb7 10. Rfd1 Nbd7 11. h3 c5 12. cxd5 Nxd5 13. Nxd5 Bxd5 14. e4 Bb7 15. Bd6 cxd4 16. Bxf8 Kxf8 17. Qe2 Nc5 18. Bc2 Ba6 19. Qe1 d3 20. b4 Bxa1 21. bxc5 dxc2 22. Rxa1 Rc8 23. Rc1 Rxc5 24. Qe3 Qd1+ 25. Kh2 Kg7 26. e5 h6 27. Qf4 Be2 28. Nd4 Kg8 29. Qe3 Ba6 30. a4 Qd3 31. Qf4 Rc4 32. Rxc2 Qxc2 33. Nxc2 Rxf4 0-1


[Site "https://www.chess.com"]

[Event "Titled Tuesday Blitz June 1 2021"]
[White "Lazavik, Denis"]
[Black "Andreikin, Dmitry"]
[WhiteFideId "13515110"]
[BlackFideId "4158814"]
[WhiteElo "2436"]
[BlackElo "2782"]
[Result "1-0"]
[Round "08"]
[TimeControl "180+1"]
[Date "2021.06.01"]
[WhiteClock "0:00:03"]
[BlackClock "0:00:02"]

1. d4 g6 2. c4 Bg7 3. Nf3 d6 4. g3 f5 5. Bg2 Nf6 6. O-O O-O 7. Nc3 c6 8. b3 e5 9. dxe5 dxe5 10. Ba3 e4 11. Bxf8 Qxf8 12. Nd4 Na6 13. e3 Bd7 14. f3 exf3 15. Qxf3 Re8 16. Rae1 Qb4 17. e4 Ng4 18. Nde2 Nc5 19. Rd1 Be6 20. Nd4 Qb6 21. Nxe6 Nxe6+ 22. Kh1 Ng5 23. Qf4 Qe3 24. exf5 gxf5 25. Qxf5 h5 26. Qg6 Qe7 27. Qxh5 Ne3 28. Na4 Nxd1 29. Qxd1 Ne4 30. Qg4 Nf6 31. Qf3 Qe2 32. Qf5 Qxa2 33. Nc5 Qb2 34. Ne6 Re7 35. Nxg7 Kxg7 36. Qg5+ Kf7 37. Qh5+ Kg7 38. Qg5+ Kf7 39. Qf4 Re2 40. Qf3 Kg7 41. g4 Qd2 42. g5 Re3 43. Qxf6+ 1-0


[Site "https://www.chess.com"]

[Event "Titled Tuesday Blitz June 1 2021"]
[White "Le, Tuan Minh"]
[Black "Demidov, Mikhail"]
[WhiteFideId "12401153"]
[BlackFideId "4197143"]
[WhiteElo "2450"]
[BlackElo "2583"]
[Result "1-0"]
[Round "08"]
[TimeControl "180+1"]
[Date "2021.06.01"]
[WhiteClock "0:00:56"]
[BlackClock "0:00:18"]

1. d4 d5 2. Nf3 Nf6 3. Bf4 c5 4. c3 Nc6 5. e3 Qb6 6. Qc2 cxd4 7. exd4 g6 8. Bd3 Bf5 9. Bxf5 gxf5 10. O-O e6 11. Re1 Ne4 12. Ne5 Be7 13. Nd2 Nxe5 14. Bxe5 Rg8 15. f3 Nxd2 16. Qxd2 O-O-O 17. Re2 Bd6 18. Qf4 Bxe5 19. Qxe5 Qc7 20. Qe3 Kb8 21. Rc1 a6 22. b3 Qd6 23. Rd2 Rc8 24. c4 dxc4 25. bxc4 Rgd8 26. c5 Qd5 27. Rcc2 Rg8 28. Rb2 Ka8 29. Rb6 Rc6 30. Rb4 f6 31. Rdb2 Rg7 32. Qh6 Rf7 33. Qh5 Qd7 34. Rxb7 Qxb7 35. Rxb7 Rxb7 36. Qe8+ 1-0


[Site "https://www.chess.com"]

[Event "Titled Tuesday Blitz June 1 2021"]
[White "Moroni, Luca Jr"]
[Black "Dobrov, Vladimir"]
[WhiteFideId "865834"]
[BlackFideId "4136594"]
[WhiteElo "2491"]
[BlackElo "2614"]
[Result "0-1"]
[Round "08"]
[TimeControl "180+1"]
[Date "2021.06.01"]
[WhiteClock "0:00:05"]
[BlackClock "0:01:23"]

1. d4 Nf6 2. c4 e6 3. Nc3 Bb4 4. Nf3 O-O 5. Bg5 d5 6. e3 h6 7. Bxf6 Qxf6 8. Qb3 Bxc3+ 9. bxc3 c6 10. Bd3 Nd7 11. cxd5 exd5 12. O-O Re8 13. a4 a5 14. c4 dxc4 15. Bxc4 Nf8 16. Ne5 Re7 17. Qb6 Be6 18. Rab1 Bf5 19. Rb2 Ne6 20. f3 c5 21. Bxe6 Rxe6 22. Qxc5 b6 23. Qc3 Rd8 24. Rc1 h5 25. e4 Bh7 26. Nc6 Rxc6 27. Qxc6 Qxd4+ 28. Kh1 Qxb2 29. h3 Bg6 30. Qc7 Kh7 31. Kh2 Rd2 32. Rg1 Qb4 33. Qf4 Qd6 34. e5 Qd4 35. Qg5 Re2 36. f4 Rf2 37. e6 Qxf4+ 38. Qxf4 Rxf4 39. e7 Re4 0-1


[Site "https://www.chess.com"]

[Event "Titled Tuesday Blitz June 1 2021"]
[White "Moskalenko, Alexander"]
[Black "Urazayev, Arystanbek"]
[WhiteFideId "4155351"]
[BlackFideId "13709810"]
[WhiteElo "2495"]
[BlackElo "2321"]
[Result "1/2-1/2"]
[Round "08"]
[TimeControl "180+1"]
[Date "2021.06.01"]
[WhiteClock "0:00:04"]
[BlackClock "0:00:59"]

1. d4 d5 2. Bf4 Nf6 3. e3 e6 4. Nd2 c5 5. c3 Nc6 6. Ngf3 Nh5 7. Bg5 Qb6 8. Qb3 h6 9. Bh4 g5 10. Bg3 Nxg3 11. hxg3 Bg7 12. Be2 Bd7 13. Qa3 cxd4 14. exd4 O-O-O 15. Nb3 Kb8 16. Nc5 Bc8 17. Qb3 g4 18. Nd2 e5 19. Qxb6 axb6 20. Ncb3 exd4 21. cxd4 Nxd4 22. Nxd4 Bxd4 23. Bd3 Bxb2 24. Rd1 Rde8+ 25. Kf1 h5 26. Nb3 Re5 27. f4 gxf3 28. gxf3 Rg8 29. Kf2 Ba3 30. f4 Re7 31. Be2 Rxe2+ 32. Kxe2 Bg4+ 33. Kf2 Bxd1 34. Rxd1 Rd8 35. Rh1 d4 36. Rxh5 d3 37. Rh1 f5 38. Rd1 Bc5+ 39. Kf3 Kc7 40. g4 fxg4+ 41. Kxg4 Kc6 42. Kf3 Kb5 43. Ke4 Kc4 44. Rc1+ Kb4 45. Rd1 Kc3 46. Rc1+ Kb2 47. Rd1 d2 48. Rxd2+ Rxd2 49. Nxd2 Kxa2 50. Kd5 Be3 51. Nc4 Bxf4 52. Nxb6 Bc7 53. Nd7 Ka3 54. Kc5 Ka4 55. Kc4 b5+ 56. Kc3 Ka3 57. Nc5 Bb6 58. Nb3 Bd8 59. Kc2 Bf6 60. Nd2 b4 61. Kb1 Bg5 62. Nc4+ Kb3 63. Na5+ Kc3 64. Nc6 b3 65. Na5 b2 66. Nc4 Bc1 67. Nxb2 1/2-1/2


[Site "https://www.chess.com"]

[Event "Titled Tuesday Blitz June 1 2021"]
[White "Nagy, Gabor"]
[Black "Hansen, Eric"]
[WhiteFideId "737119"]
[BlackFideId "2606771"]
[WhiteElo "2562"]
[BlackElo "2568"]
[Result "1/2-1/2"]
[Round "08"]
[TimeControl "180+1"]
[Date "2021.06.01"]
[WhiteClock "0:00:07"]
[BlackClock "0:00:03"]

1. d4 Nf6 2. c4 g6 3. g3 Bg7 4. Bg2 d5 5. cxd5 Nxd5 6. Nf3 O-O 7. O-O Nc6 8. Nc3 Nb6 9. d5 Na5 10. Qc2 e6 11. dxe6 Bxe6 12. Bg5 Qe8 13. Rac1 a6 14. b3 Nc6 15. Rfd1 Bf5 16. Qd2 Qe6 17. Qf4 Bxc3 18. Rxc3 Nd5 19. Qc1 Nxc3 20. Qxc3 f6 21. Bf4 Rad8 22. Re1 Rd7 23. e4 Bh3 24. Bh1 Rfd8 25. e5 Rd1 26. exf6 Rxe1+ 27. Nxe1 Rd1 28. Bd2 Qe2 29. Bd5+ Be6 30. Bxe6+ Qxe6 31. Be3 Qd5 32. h4 Kf7 33. Kh2 Qe5 34. Qc4+ Qe6 35. Qe2 Qd5 36. Nf3 Kxf6 37. Bd2 Rb1 38. Bc3+ Kf5 39. g4+ Kf4 40. Bd2+ Kxg4 41. Nd4+ Kxh4 42. Nf3+ Kg4 43. Nd4+ Kh4 44. Nf3+ Kg4 45. Nd4+ Kh4 1/2-1/2


[Site "https://www.chess.com"]

[Event "Titled Tuesday Blitz June 1 2021"]
[White "Nesterov, Arseniy"]
[Black "Martinez Alcantara, Jose Eduardo"]
[WhiteFideId "24198455"]
[BlackFideId "3805662"]
[WhiteElo "2441"]
[BlackElo "2690"]
[Result "1-0"]
[Round "08"]
[TimeControl "180+1"]
[Date "2021.06.01"]
[WhiteClock "0:00:08"]
[BlackClock "0:00:02"]

1. d4 Nf6 2. c4 e6 3. Nc3 Bb4 4. e3 O-O 5. Bd3 c5 6. a3 Bxc3+ 7. bxc3 d6 8. e4 e5 9. Ne2 Nc6 10. d5 Ne7 11. O-O Ng6 12. a4 a5 13. f3 Bd7 14. Be3 b6 15. Bc2 Nh5 16. Qd2 Kh8 17. g3 Nf6 18. Kh1 Ng8 19. f4 exf4 20. gxf4 f5 21. Ng3 fxe4 22. f5 Ne5 23. Bg5 Nf6 24. Nxe4 Nxe4 25. Bxe4 Qe8 26. f6 Qh5 27. fxg7+ Kxg7 28. Be7 Rfe8 29. Bf6+ Kg8 30. Qf4 Ng6 31. Rg1 Rxe4 32. Qxe4 Rf8 33. Raf1 Bh3 34. Rf2 Bd7 35. Qe7 Rf7 36. Qd8+ Rf8 37. Qxd7 Qh6 38. Qe6+ Rf7 39. Qxf7+ Kxf7 40. Bg5+ 1-0


[Site "https://www.chess.com"]